Cogmind - Beta 11.1 @@@ ROGUE MODE // 2022.10.02 @ 17:29:56 Player: Flerik Result: Destroyed by Y-64 Sentinel with KE Penetrator Performance ------------- Evolutions (4) 2000 Regions Visited (10) 2000 Robots Destroyed (26) 130 Value Destroyed (376) 376 Prototype IDs (7) 140 Alien Tech Used (0) 0 Bonus (529) 529 TOTAL SCORE: 5175 Bonus ------- High Alert Combat Kills 6 Follower Combat Kills 523 Cogmind --------- Core Integrity 0/850 Matter 241/300 Energy 99/100 System Corruption 0% Temperature Cool (0) Movement Core (50) Location -6/Archives Parts ------- > --- POWER (1) -------- (None) > --- PROPULSION (5) --- (None) > --- UTILITY (7) ------ Enhanced Optical Array Transport Network Coupler Hacking Suite > --- WEAPON (2) ------- (None) > --- INVENTORY (5) ---- Improved Deuterium Engine Heavy Flak Cannon Peak State ------------ > --- POWER ------------ Improved Deuterium Engine > --- PROPULSION ------- VTOL Module Cooled VTOL Module Cooled VTOL Module Cooled VTOL Module Cooled VTOL Module > --- UTILITY ---------- Improved Cooling System Small Storage Unit Improved Sensor Array Transport Network Coupler Transmission Jammer Propulsion Shielding Hacking Suite > --- WEAPON ----------- Heavy Flak Cannon > --- INVENTORY -------- Light Deuterium Engine VTOL Module Xenon Bombardment Thruster Xenon Bombardment Thruster Enhanced Optical Array Hacking Suite Heavy Rocket Launcher [Rating: 50] Favorites ----------- Power Improved Deuterium Engine Engine Improved Deuterium Engine Power Core Light Nuclear Core Propulsion Cooled VTOL Module Treads Light Treads Flight Unit Cooled VTOL Module Utility Small Storage Unit Device Transmission Jammer Storage Small Storage Unit Processor Transport Network Coupler Hackware Hacking Suite Protection Propulsion Shielding Weapon Assault Rifle Energy Cannon Light EM Pulse Cannon Ballistic Gun Assault Rifle Ballistic Cannon Heavy Flak Cannon Launcher Grenade Launcher Special Weapon Plasma Cutter Special Melee Weapon Improved Datajack Build | -11 -10 -9 -9 -8 -8 -7 -6 -6 -6 -6 ------- Run | Scr Mat Mat Min Mat Sto Fac Fac Ext Cet Arc Slots Evolved 8 | . . 2 . 2 . 2 2 . . . Power . | . . . . . . . . . . . Propulsion 3 | . . 1 . 2 . . . . . . Utility 5 | . . 1 . . . 2 2 . . . Weapon . | . . . . . . . . . . . Parts Attached 55 | 7 2 4 2 4 6 16 3 3 8 . Power 6 | 1 . . . . . 4 . . 1 . Engine 3 | 1 . . . . . 1 . . 1 . Core 3 | . . . . . . 3 . . . . Reactor . | . . . . . . . . . . . Propulsion 16 | 2 . 3 . 2 4 2 . 1 2 . Treads 2 | 2 . . . . . . . . . . Leg . | . . . . . . . . . . . Wheel . | . . . . . . . . . . . Hover . | . . . . . . . . . . . Flight 14 | . . 3 . 2 4 2 . 1 2 . Utility 16 | 1 1 1 . . 1 6 3 1 2 . Device 6 | . 1 . . . . 2 2 1 . . Storage 3 | 1 . . . . . 1 1 . . . Processor 4 | . . . . . 1 2 . . 1 . Hackware 2 | . . . . . . 1 . . 1 . Protection 1 | . . 1 . . . . . . . . Artifact . | . . . . . . . . . . . Weapon 17 | 3 1 . 2 2 1 4 . 1 3 . Energy Gun . | . . . . . . . . . . . Energy Cannon 5 | . 1 . 1 1 1 1 . . . . Ballistic Gun 4 | 3 . . . . . 1 . . . . Ballistic Cannon 2 | . . . . . . . . 1 1 . Launcher 4 | . . . 1 1 . . . . 2 . Special Weapon 1 | . . . . . . 1 . . . . Impact Weapon . | . . . . . . . . . . . Slashing Weapon . | . . . . . . . . . . . Piercing Weapon . | . . . . . . . . . . . Special Melee Weapon 1 | . . . . . . 1 . . . . Unidentified Prototypes 2 | . . . . . 2 . . . . . Parts Lost 21 | . . . . 1 3 . . 7 9 1 Power 1 | . . . . . . . . . 1 . Propulsion 8 | . . . . . . . . 4 4 . Utility 9 | . . . . 1 1 . . 3 3 1 Weapon 3 | . . . . . 2 . . . 1 . Highest Loss Streak 8 | . . . . 1 3 . . 6 7 8 To Critical Strikes . | . . . . . . . . . . . Average Slot Usage (%) 85 | . 91 77 82 95 92 93 86 81 55 23 Engine 6 | . 14 11 11 9 9 4 6 5 1 . Treads 5 | . 28 . . . . . . . . . Flight 26 | . . 33 33 45 45 38 33 30 15 . Device 11 | . 6 11 11 9 . 6 20 19 11 3 Storage 7 | . 14 11 11 9 9 7 6 6 1 . Processor 5 | . . . . . 6 9 6 6 9 13 Hackware 3 | . . . . . . 4 6 6 9 6 Protection 4 | . . 11 11 9 9 7 6 5 . . Energy Cannon 3 | . 11 . 5 6 6 4 . . . . Ballistic Gun 3 | . 16 . . . . . . . . . Naked Turns . | . . . . . . . . . . . Heaviest Build 29 | 12 15 10 10 17 16 29 25 20 15 1 Greatest Support 40 | 40 40 12 12 20 24 30 26 24 23 3 Greatest Overweight (x) 1 | . . . . 1 . . . . 1 . Average Overweight (x) . | . . . . . . . . . . . Largest Inventory Capacity 10 | 8 8 8 8 8 8 10 10 8 8 5 Average Capacity 8 | 6 8 8 8 8 8 8 9 8 5 5 Most Carried 10 | 5 8 7 8 7 8 10 9 8 8 2 Average Carried 7 | 3 7 6 7 5 6 8 8 7 4 2 Final Capacity 10 | 8 8 8 8 8 8 10 8 8 5 5 Final Carried 10 | 5 8 7 8 5 8 10 8 8 2 2 Class Distribution -------------------- 64% | Sprinter 30% | Mutant 5% | Hacker-Sprinter Dominant Class ---------------- Mutant | -10/Materials Mutant | -9/Materials Mutant | -9/Mines Sprinter | -8/Materials Sprinter | -8/Storage Sprinter | -7/Factory Sprinter | -6/Factory Sprinter | -6/Extension Hacker-Sprinter | -6/Cetus Mutant | -6/Archives Resources | -11 -10 -9 -9 -8 -8 -7 -6 -6 -6 -6 ----------- Run | Scr Mat Mat Min Mat Sto Fac Fac Ext Cet Arc Matter Collected 772 | 203 50 . 6 . 50 146 . 237 80 . Remotely . | . . . . . . . . . . . Salvage Created 363 | . 87 . 16 27 176 57 . . . . Parts 44 | . 9 . 6 8 16 5 . . . . Haulers Intercepted 1 | . . . . . 1 . . . . . Recyclers Shooed 1 | . 1 . . . . . . . . . Parts Field Recycled . | . . . . . . . . . . . Retrieved Matter . | . . . . . . . . . . . Parts Self-Destructed . | . . . . . . . . . . . Prevented . | . . . . . . . . . . . Kills | -11 -10 -9 -9 -8 -8 -7 -6 -6 -6 -6 ------- Run | Scr Mat Mat Min Mat Sto Fac Fac Ext Cet Arc Combat Hostiles Destroyed 22 | . 3 . 4 6 9 . . . . . Cannons 6 | . 3 . 1 . 2 . . . . . AOE 16 | . . . 3 6 7 . . . . . Classes Destroyed 5 | . 3 . . . 1 1 . . . . Builder 1 | . 1 . . . . . . . . . Tunneler 2 | . . . . . . 2 . . . . Hauler 1 | . . . . . 1 . . . . . Swarmer 18 | . 2 . 4 6 6 . . . . . Grunt 4 | . 1 . . . 3 . . . . . Best Kill Streak 6 | . 2 . 4 6 6 1 . . . . Combat Bots Only 6 | . 2 . 4 6 6 . . . . . Max Kills in Single Turn 3 | . 1 . 3 3 2 1 . . . . Gunslinging . | . . . . . . . . . . . Exploded 3 | . . . 3 3 2 . . . . . Melee . | . . . . . . . . . . . Uniques/NPCs Destroyed . | . . . . . . . . . . . Combat | -11 -10 -9 -9 -8 -8 -7 -6 -6 -6 -6 -------- Run | Scr Mat Mat Min Mat Sto Fac Fac Ext Cet Arc Damage Taken 2269 | . 167 . 22 134 221 22 34 532 858 279 Core 1012 | . 45 . 16 31 56 . . 198 410 256 Absorbed by Shields 93 | . . . . . . . . . 93 . Redirected to Shielding 58 | . . . . 9 9 . . 40 . . Core Remaining (%) 92 | 100 82 . 96 . 84 100 . . . . Volleys Fired 35 | . 6 . 2 3 8 10 . 1 5 . Largest 2 | . 2 . 1 2 2 1 . 1 1 . Hottest 98 | . 76 . 56 86 98 68 . 53 53 . Shots Fired 47 | . 12 . 2 6 11 10 . 1 5 . Gun 6 | . 6 . . . . . . . . . Cannon 23 | . 6 . 1 3 4 7 . 1 1 . Launcher 15 | . . . 1 3 7 . . . 4 . Special 3 | . . . . . . 3 . . . . Kinetic 8 | . 6 . . . . . . 1 1 . Thermal 12 | . . . . . 2 10 . . . . Explosive 15 | . . . 1 3 7 . . . 4 . Electromagnetic 12 | . 6 . 1 3 2 . . . . . Robot Hit Streak 9 | . 3 . 2 1 9 2 . . 4 . Robot Miss Streak 2 | . 2 . . 1 . 2 . . 1 . Penetration Max . | . . . . . . . . . . . Secondary Targets . | . . . . . . . . . . . Shots Hit Robots 29 | . 6 . 2 2 8 8 . . 3 . Core Hits 56 | 2 4 . 4 7 17 2 . . 20 . Critical Kills . | . . . . . . . . . . . Critical Parts Destroyed . | . . . . . . . . . . . Critical Strikes . | . . . . . . . . . . . Melee Attacks 3 | . . . . . . 3 . . . . Impact . | . . . . . . . . . . . Slashing . | . . . . . . . . . . . Piercing . | . . . . . . . . . . . Sneak Attacks 3 | . . . . . . 3 . . . . Combat Hostiles . | . . . . . . . . . . . Follow-up Attacks . | . . . . . . . . . . . Damage Inflicted 2005 | 5 136 . 250 373 697 84 . . 460 . Guns 28 | . 28 . . . . . . . . . Cannons 286 | . 97 . 20 . 63 62 . . 44 . Explosions 1653 | . . . 230 373 634 . . . 416 . Melee . | . . . . . . . . . . . Ramming 16 | 5 11 . . . . . . . . . Kinetic 72 | . 28 . . . . . . . 44 . Thermal 105 | . . . . . 21 84 . . . . Explosive 1653 | . . . 230 373 634 . . . 416 . Electromagnetic 159 | . 97 . 20 . 42 . . . . . Impact . | . . . . . . . . . . . Slashing . | . . . . . . . . . . . Piercing . | . . . . . . . . . . . Highest Corruption 1 | . 1 . . . . . . . . . Average Corruption 1 | . 1 . . . . . . . . . Corruption Purged . | . . . . . . . . . . . Corruption Blocked . | . . . . . . . . . . . Effects 2 | . 2 . . . . . . . . . Message Errors 1 | . 1 . . . . . . . . . Data Loss (minor) 1 | . 1 . . . . . . . . . Overload Shots . | . . . . . . . . . . . Overflow Damage 34 | . . . 6 24 4 . . . . . Projectiles . | . . . . . . . . . . . Explosions 34 | . . . 6 24 4 . . . . . Melee . | . . . . . . . . . . . Knockbacks 1 | . 1 . . . . . . . . . Impact 1 | . 1 . . . . . . . . . Kinetic . | . . . . . . . . . . . Secondary . | . . . . . . . . . . . Self-Inflicted Damage 46 | . . . . 19 27 . . . . . Shots 3 | . . . . 1 2 . . . . . Rammed 4 | 3 1 . . . . . . . . . Targets Rammed 5 | 3 2 . . . . . . . . . Kicked . | . . . . . . . . . . . Crushed 1 | . 1 . . . . . . . . . Highest Temperature 341 | . 30 . 16 68 42 341 18 . 25 . Average Temperature 107 | . 12 . 12 24 12 135 8 . 15 . Received Heat Transfer 491 | . 12 . . 9 63 . 9 150 185 63 Effects 8 | . . . . . . 8 . . . . Energy Bleed 3 | . . . . . . 3 . . . . Interference 5 | . . . . . . 5 . . . . Siege Activations . | . . . . . . . . . . . Robots Corrupted . | . . . . . . . . . . . Combat Hostiles . | . . . . . . . . . . . Parts Fried . | . . . . . . . . . . . Impact Corruptions . | . . . . . . . . . . . Robots Melted . | . . . . . . . . . . . Combat Hostiles . | . . . . . . . . . . . Parts Melted 1 | . . . . . . 1 . . . . Heat Transferred 222 | . . . . . 37 185 . . . . Parts Sabotaged . | . . . . . . . . . . . Parts Stolen . | . . . . . . . . . . . Parts Stripped . | . . . . . . . . . . . Power Chain Reactions . | . . . . . . . . . . . Missiles Intercepted . | . . . . . . . . . . . Alert | -11 -10 -9 -9 -8 -8 -7 -6 -6 -6 -6 ------- Run | Scr Mat Mat Min Mat Sto Fac Fac Ext Cet Arc Peak Influence 456 | . 103 46 137 213 456 402 187 302 174 91 Initial 207 | . . 42 17 53 85 207 98 91 74 41 Average 169 | . 60 42 127 92 238 270 111 209 142 59 Maximum Alert Level 2 | . . . . 1 2 2 . 1 . . Low Security (%) 57 | 100 100 100 100 81 53 . 100 46 100 100 Level 1 41 | . . . . 18 34 98 . 53 . . Level 2 . | . . . . . 11 1 . . . . Level 3 . | . . . . . . . . . . . Level 4 . | . . . . . . . . . . . Level 5 . | . . . . . . . . . . . High Security . | . . . . . . . . . . . Max Security . | . . . . . . . . . . . Squads Dispatched 11 | . 2 . . 2 2 . 2 2 1 . Investigation 5 | . 1 . . . . . 1 2 1 . Extermination . | . . . . . . . . . . . Reinforcement 5 | . 1 . . 2 1 . 1 . . . Assault . | . . . . . . . . . . . Garrison 1 | . . . . . 1 . . . . . Intercept . | . . . . . . . . . . . Searches Triggered . | . . . . . . . . . . . Construction Impeded 1 | . . . . 1 . . . . . . Haulers Reinforced . | . . . . . . . . . . . Active Scanning Responses . | . . . . . . . . . . . Cargo Convoy Interrupts . | . . . . . . . . . . . Stealth | -11 -10 -9 -9 -8 -8 -7 -6 -6 -6 -6 --------- Run | Scr Mat Mat Min Mat Sto Fac Fac Ext Cet Arc Distress Signals 5 | . . . . 1 2 . . 1 1 . Communications Jammed . | . . . . . . . . . . . Distress Signals . | . . . . . . . . . . . Times Spotted 100 | . 8 . 4 16 19 8 10 17 14 4 Peak Tracking Total 15 | . 4 . 4 12 15 3 7 8 10 4 Tactical Retreats 6 | . . . . . 1 2 2 1 . . Traps | -11 -10 -9 -9 -8 -8 -7 -6 -6 -6 -6 ------- Run | Scr Mat Mat Min Mat Sto Fac Fac Ext Cet Arc Traps Triggered 3 | . 2 . . . . . . 1 . . Indirectly . | . . . . . . . . . . . Trap Hack Attempts . | . . . . . . . . . . . Triggered . | . . . . . . . . . . . Disarmed . | . . . . . . . . . . . Reprogrammed . | . . . . . . . . . . . Reused . | . . . . . . . . . . . Traps Extracted . | . . . . . . . . . . . Installed . | . . . . . . . . . . . Triggered . | . . . . . . . . . . . Machines | -11 -10 -9 -9 -8 -8 -7 -6 -6 -6 -6 ---------- Run | Scr Mat Mat Min Mat Sto Fac Fac Ext Cet Arc Machines Disabled 1 | . . . . . . . . 1 . . Max in Single Turn . | . . . . . . . . . . . Garrison Access 1 | . . . . . . 1 . . . . Machines Sabotaged . | . . . . . . . . . . . Garrisons Compromised . | . . . . . . . . . . . Overloaded Fab Kills . | . . . . . . . . . . . Hacking | -11 -10 -9 -9 -8 -8 -7 -6 -6 -6 -6 --------- Run | Scr Mat Mat Min Mat Sto Fac Fac Ext Cet Arc Machines Accessed 28 | . 2 2 . 1 7 5 1 7 3 . Terminals 25 | . 2 2 . 1 7 2 1 7 3 . Fabricators 1 | . . . . . . 1 . . . . Repair Stations . | . . . . . . . . . . . Recycling Units 1 | . . . . . . 1 . . . . Scanalyzers . | . . . . . . . . . . . Garrison Access 1 | . . . . . . 1 . . . . Total Hacks 76 | . 8 6 . 5 14 8 7 20 8 . Successful 41 | . 3 2 . 3 5 3 5 15 5 . Failed 35 | . 5 4 . 2 9 5 2 5 3 . Catastrophic 6 | . 1 1 . 1 2 . . . 1 . Database Lockouts . | . . . . . . . . . . . Manual 42 | . 7 6 . 2 3 4 6 11 3 . Terminals 72 | . 8 6 . 5 14 4 7 20 8 . Fabricators 2 | . . . . . . 2 . . . . Repair Stations . | . . . . . . . . . . . Recycling Units 1 | . . . . . . 1 . . . . Scanalyzers . | . . . . . . . . . . . Garrison Access 1 | . . . . . . 1 . . . . Terminal Hacks 25 | . 2 . . 2 4 . 2 10 5 . Record 8 | . . . . 2 1 . . 1 4 . Part Schematic 2 | . . . . . 2 . . . . . Prototype ID Bank 2 | . 1 . . . . . . 1 . . Open Door 5 | . . . . . 1 . . 3 1 . Level Access Points 1 | . . . . . . . . 1 . . Branch Access Points 2 | . . . . . . . 1 1 . . Alert Level 1 | . . . . . . . 1 . . . Locate Traps 1 | . . . . . . . . 1 . . Recall Investigation 1 | . 1 . . . . . . . . . Registered Components 1 | . . . . . . . . 1 . . Zone Layout 1 | . . . . . . . . 1 . . Fabricator Hacks . | . . . . . . . . . . . Repair Station Hacks . | . . . . . . . . . . . Recycling Unit Hacks . | . . . . . . . . . . . Scanalyzer . | . . . . . . . . . . . Garrison Access Hacks 1 | . . . . . . 1 . . . . Seal Access 1 | . . . . . . 1 . . . . Unauthorized Hacks 15 | . 1 2 . 1 1 2 3 5 . . Terminals 15 | . 1 2 . 1 1 2 3 5 . . Track 2 | . . . . . . . 1 1 . . Assimilate 5 | . . . . . . 2 1 2 . . Botnet 8 | . 1 2 . 1 1 . 1 2 . . Fabricators . | . . . . . . . . . . . Repair Stations . | . . . . . . . . . . . Recycling Units . | . . . . . . . . . . . Scanalyzers . | . . . . . . . . . . . Garrison Access . | . . . . . . . . . . . Data Cores Recovered . | . . . . . . . . . . . Used . | . . . . . . . . . . . Hacking Detections 24 | . 2 2 . 1 7 4 1 4 3 . Full Trace Events 4 | . . . . . . . 1 2 1 . Feedback Events . | . . . . . . . . . . . Feedback Blocked . | . . . . . . . . . . . Robot Schematics Acquired . | . . . . . . . . . . . Robots Built . | . . . . . . . . . . . Authchips . | . . . . . . . . . . . Time . | . . . . . . . . . . . Total Robot Build Rating . | . . . . . . . . . . . Part Schematics Acquired 2 | . . . . . 2 . . . . . Parts Built . | . . . . . . . . . . . Authchips . | . . . . . . . . . . . Time . | . . . . . . . . . . . Total Part Build Rating . | . . . . . . . . . . . Parts Repaired . | . . . . . . . . . . . Time . | . . . . . . . . . . . Parts Recycled . | . . . . . . . . . . . Recycled Matter . | . . . . . . . . . . . Retrieved Matter . | . . . . . . . . . . . Retrieved Components . | . . . . . . . . . . . Parts Scanalyzed . | . . . . . . . . . . . Part Schematics Acquired . | . . . . . . . . . . . Parts Damaged . | . . . . . . . . . . . Bothacking | -11 -10 -9 -9 -8 -8 -7 -6 -6 -6 -6 ------------ Run | Scr Mat Mat Min Mat Sto Fac Fac Ext Cet Arc Used RIF Installer . | . . . . . . . . . . . Robots Hacked 3 | . . . . . . 3 . . . . Non-combat 3 | . . . . . . 3 . . . . Combat . | . . . . . . . . . . . Robot Hacks Applied 3 | . . . . . . 3 . . . . parse_system 1 | . . . . . . 1 . . . . no_distress 1 | . . . . . . 1 . . . . find_fabricator 1 | . . . . . . 1 . . . . Relay Couplers Released . | . . . . . . . . . . . Fabnet Peak Effective % . | . . . . . . . . . . . Robots Rewired . | . . . . . . . . . . . Allies Hacked . | . . . . . . . . . . . Hacks Repelled . | . . . . . . . . . . . Allies | -11 -10 -9 -9 -8 -8 -7 -6 -6 -6 -6 -------- Run | Scr Mat Mat Min Mat Sto Fac Fac Ext Cet Arc Total Allies 9 | . . . . . . 2 1 5 1 . Largest Group 6 | . . . . . . 2 2 6 1 . Highest-Rated Group 255 | . . . . . . 36 36 255 159 . Highest-Rated Ally 159 | . . . . . . 26 26 159 159 . Total Orders . | . . . . . . . . . . . Ally Attacks 25 | . . . . . . . . 16 9 . Total Damage 1071 | . . . . . . . . 708 363 . Kills 10 | . . . . . . . . 6 4 . Allies Corrupted . | . . . . . . . . . . . Allies Melted . | . . . . . . . . . . . Intel | -11 -10 -9 -9 -8 -8 -7 -6 -6 -6 -6 ------- Run | Scr Mat Mat Min Mat Sto Fac Fac Ext Cet Arc Robot Analysis Total . | . . . . . . . . . . . Derelict Logs Recovered . | . . . . . . . . . . . Drone Launches . | . . . . . . . . . . . Drone Recoveries . | . . . . . . . . . . . Exploration | -11 -10 -9 -9 -8 -8 -7 -6 -6 -6 -6 ------------- Run | Scr Mat Mat Min Mat Sto Fac Fac Ext Cet Arc Turns Passed 1892 | 99 351 22 19 43 89 479 118 515 135 22 Spaces Moved 2839 | 52 197 52 26 96 223 1040 238 642 236 37 Core 54 | 2 . . . . . . . . 15 37 Treads 247 | 50 197 . . . . . . . . . Legs . | . . . . . . . . . . . Wheels . | . . . . . . . . . . . Hover . | . . . . . . . . . . . Flight 2538 | . . 52 26 96 223 1040 238 642 221 . Fastest Speed 14 | 50 160 29 29 24 23 14 17 23 25 50 Average Speed 35 | 155 160 29 29 26 24 20 21 25 32 50 Slowest Speed 160 | 160 160 29 29 106 29 29 23 34 106 50 Overloaded Moves 929 | . . . . . . 797 78 . 54 . Propulsion Burnouts 1 | . . . . . . . . . 1 . Robots Hopped 60 | . . . . 4 10 13 4 18 11 . Cave-ins Triggered . | . . . . . . . . . . . Exploration Rate (%) 36 | 5 40 7 11 16 55 30 6 66 90 74 Regions Visited 10 Branch Regions 5 Pre-discovered Areas . | . . . . . . . . . . . Known Exits Taken 2 | . . . . . . . 1 1 . . Unknown Exits Taken 8 | 1 1 1 1 1 1 1 . . 1 . Scrap Searched . | . . . . . . . . . . . Spaces Dug 10 | . . . . 10 . . . . . . Terrain Destroyed 111 | . . . 10 24 34 . . . 43 . Melee . | . . . . . . . . . . . Projectile . | . . . . . . . . . . . AOE 111 | . . . 10 24 34 . . . 43 . Terrain Rammed . | . . . . . . . . . . . Walls Destroyed . | . . . . . . . . . . . Machines Disabled . | . . . . . . . . . . . Actions | -11 -10 -9 -9 -8 -8 -7 -6 -6 -6 -6 --------- Run | Scr Mat Mat Min Mat Sto Fac Fac Ext Cet Arc Total 3601 | 65 222 60 36 102 236 1284 301 977 278 40 Wait 645 | . 1 . 2 4 4 201 63 328 39 3 Move 2722 | 52 196 51 25 88 205 1014 231 606 217 37 Hop 48 | . . . . 3 7 12 2 17 7 . Pick Up 31 | 4 9 1 2 . 3 10 1 1 . . Fast Attach 20 | 6 1 . . 1 2 8 . 1 1 . Attach 25 | . 1 4 2 3 1 3 2 2 7 . Detach 11 | . . 2 2 . . 3 . 2 2 . Swap 10 | 1 . . . . 3 5 1 . . . Drop 29 | . 6 2 1 . 3 15 1 1 . . Fire 35 | . 6 . 2 3 8 10 . 1 5 . Melee 3 | . . . . . . 3 . . . . Ram . | . . . . . . . . . . . Kick . | . . . . . . . . . . . Crush 4 | 2 2 . . . . . . . . . Escape Stasis 18 | . . . . . . . . 18 . . Rewire . | . . . . . . . . . . . Trap . | . . . . . . . . . . . Miscellaneous . | . . . . . . . . . . . Route ------- -11/Scrapyard -10/Materials (discovered 2 exits: *Mat / [*Min]) -9/Materials -9/Mines (discovered 2 exits: *Mat / [*Zio]) -8/Materials -8/Storage -7/Factory -6/Factory (discovered 4 exits: Low x2 / *Ext x2) -6/Extension (discovered 3 exits: *Fac x2 / *Cet) -6/Cetus (discovered 2 exits: *Fac / [*Arc]) -6/Archives (discovered 2 exits: *Fac / [*Hub]) History --------- Turn | Location | Event 6 | -11/Scrapyard | Discovered new exit (range 15) 100 | -11/Scrapyard | Entered Materials 266 | -10/Materials | Met 8R-AWN 326 | -10/Materials | Build established: Mutant 339 | -10/Materials | Discovered new exit (range 11) 448 | -10/Materials | Discovered new exit (range 3) 451 | -10/Materials | Entered another Materials area 451 | -9/Materials | Evolved 2 slots: Propulsion x1, Utility x1 467 | -9/Materials | Discovered new exit (range 11) 473 | -9/Materials | Entered Mines 487 | -9/Mines | Discovered new exit (range 9) 489 | -9/Mines | A Derelict revealed a hidden shortcut to a safe place 492 | -9/Mines | Entered Materials 492 | -8/Materials | Evolved 2 slots: Propulsion x2 512 | -8/Materials | Discovered new exit (range 16) 535 | -8/Materials | Entered Storage 586 | -8/Storage | Garrison activated, responded to threat 622 | -8/Storage | Discovered new exit (range 6) 624 | -8/Storage | Entered Factory 624 | -7/Factory | Evolved 2 slots: Utility x2 648 | -7/Factory | Lost 3 parts (1u2w) 767 | -7/Factory | Build established: Sprinter 1092 | -7/Factory | Discovered new exit (range 15) 1103 | -7/Factory | Entered another Factory area 1103 | -6/Factory | Accompanied by 2 allies 1103 | -6/Factory | Evolved 2 slots: Utility x2 1194 | -6/Factory | Identified exit to Lower Caves 1194 | -6/Factory | Identified exit to Extension 1221 | -6/Factory | Entered Extension 1221 | -6/Extension | Accompanied by 1 ally 1273 | -6/Extension | Identified exit to Cetus 1273 | -6/Extension | Identified exit to Factory 1298 | -6/Extension | Rescued a captive Derelict 1328 | -6/Extension | Rescued A7 1461 | -6/Extension | Rescued a captive Derelict 1664 | -6/Extension | Spotted B-75 Beast 1665 | -6/Extension | Spotted B-75 Beast 1702 | -6/Extension | Lost 6 parts (4n2u) 1736 | -6/Extension | Entered Cetus 1736 | -6/Cetus | Accompanied by 1 ally (A7) 1741 | -6/Cetus | Acquired a Cetus Manufacturing Module code from A7 1744 | -6/Cetus | Spotted Cetus Guard 1744 | -6/Cetus | Spotted Cetus Guard 1744 | -6/Cetus | Spotted Cetus Guard 1744 | -6/Cetus | Spotted Cetus Guard 1751 | -6/Cetus | Discovered exit to Factory (range 15) 1766 | -6/Cetus | Allies destroyed Cetus Guard 1768 | -6/Cetus | Allies destroyed Cetus Guard 1777 | -6/Cetus | Allies destroyed Cetus Guard 1777 | -6/Cetus | Allies destroyed Cetus Guard 1830 | -6/Cetus | Extracted ID and sensor layout for unrecognized location from A7's data core 1845 | -6/Cetus | Started Cetus Manufacturing Module 1861 | -6/Cetus | Core integrity fell below 50% 1861 | -6/Cetus | Discovered new exit (range 21) 1870 | -6/Cetus | Manufactured an Enhanced Grunt 1871 | -6/Cetus | Entered Archives 1885 | -6/Archives | Discovered new exit (range 22) 1888 | -6/Archives | Core integrity fell below 20% 1892 | -6/Archives | Discovered exit to Factory (range 15) 1893 | -6/Archives | Destroyed by Y-64 Sentinel with KE Penetrator Last Messages --------------- 01870_ Hacking Suite destroyed. LOCATION=UNKNOWN GOAL=ESCAPE 01884_ Slug penetrates Archive Hub. 01884_ Archive Hub disabled. 01885_ Critical hit (Burn: +37). 01885_ Penetrated by Slug. 01885_ Imp. Terrain Scanner destroyed. 01885_ EXIT=FOUND 01886_ Archive Hub disabled. 01886_ Slug penetrates Archive Hub. 01886_ Archive Hub disabled. 01886_ Slug penetrates Wall. 01887_ Penetrated by Slug. 01887_ Archive Hub disabled. 01888_ Penetrated by Slug. 01888_ Archive Terminal disabled. 01890_ Slug penetrates O-32 Director. 01892_ EXIT=FOUND: FACTORY 01892_ Penetrated by Slug. Map ----- +----------------------------------------------------+ | | | | | | | | | | | | | ????????????????????????????????????????????? | | ????????????????????????????????????????????? | | ??????????????????????#?###?????????????????? | | ?????????????????????? # #????????????????? | | ????????????????????? # < #????????????????? | | ????????????????????? # #????????????????? | | ???????????????????? # #????????????????? | | ???????????????#"""" + #????????????????? | | ???????????????#"""" # #????????????????? | | ???????????????#""""" # #????????????????? | | ???????????????#""""" # #????????????????? | | ????????????????""""" ?# o #????????????????? | | ???????????????###"#"### #????????????????? | | ???????????#???#"""""""# #????????????????? | | ???????????????#""" """# #????????????????? | | ???????????????#"" "# #????????????????? | | ??????????????##"" "# ##???????????????? | | ############### Y #####???????????? | | # Y """"#???????????? | | # o @ """"#???????????? | | # o """"""?????????? | | #####+########; V"#""?????????? | | # #"""" """""?????????? | | # #""" o """"# ????????? | | # """"""" """"#? ??????? | | #"""""""""#"Vo #####????o??????? | | #""""""""""""" ????????????? | | #"""""""""#"""" o ?????????? | | #"""""""""#"""" Y Y ?????????? | | ############### #######?????????? | | ??????????????## # " ""##???????????????? | | ?#?????????????# # "" ""#????????????????? | | ???????????????# #"""V"""#????????????????? | | ???????????????# #"""""""#????????????????? | | ????????#??????# ###"#"##?????????????????? | | ???????????????# #????"???????????????????? | | ???????????????# #????????????????????????? | | ???????????????# #????????????????????????? | | ???????????????# #????????????????????????? | | ???????????????? /????????????????????????? | | ???????????????? #????????????????????????? | | ???????????????? #????????????????????????? | | ???????????????? < #????????????????????????? | | ????????????????? ??????????????????????????? | +----------------------------------------------------+ Best States ------------- Heat Dissipation 64 Energy Generation 16 Energy Capacity 290 Matter Stores 259 Matter Capacity 300 Sight Range 22 Robot Scan Range 15 Terrain Scan Range 16 Terrain Scan Density 10 Jamming Range 12 Propulsion Shielding 33 Evasion (%) 66 Targeting Accuracy 6 Melee Accuracy 6 Recoil Reduction 2 Energy Filtering 30 Offensive Hacking 20 Item Schematics ----------------- Nuclear Pulse Thruster | -8/Storage | Hacked Imp. Sensor Array | -8/Storage | Hacked Robot Schematics ------------------ None Fabricated ------------ Nothing Alien Tech Used ----------------- None Achievements -------------- Project G-00 Whoosh! Challenges ------------ None Game ------ Seed ArchitectDeepTorch Manual? 0 Play Time 00:45:13 Cumulative 44.0 hours Start 2022.10.02 @ 16:43:33 End 2022.10.02 @ 17:29:56 Sessions 1 Manual Loads 0 Difficulty Rogue Special Mode None Game No. 73 Rogue 72 Adventurer 1 Explorer 0 Win Type - Total 3 Types 3/0/0/0/0/0/0/0/0 Lore% 47 Gallery% 43 Achievement% 41 Wizard Run 0 Options --------- ASCII 0 Keyboard 0 Movement Numpad Keybinds 0 Fullscreen 1 Font 18/SmallcapsGlow Map View 76x50 Tactical HUD 1 Map Filters NONE Filters NONE Steam 1 RUN: 4336dbca-b964-4318-8463-6e2231835cbc